 Dungeon Crawl Stone Soup version 0.25.1-2-g60ff931df9 (webtiles) character file.

Game seed: 17266840776640749456

858 bomj the Chopper (level 7, -2/64 HPs)
             Began as a Minotaur Berserker on Oct 10, 2020.
             Was an Elder of Trog.
             Slain by a wight
             ... wielding a +3 battleaxe
              (4 damage)
             ... on level 4 of the Dungeon.
             The game lasted 00:25:03 (4710 turns).

bomj the Chopper (Minotaur Berserker)               Turns: 4710, Time: 00:25:07

Health: -2/64      AC: 12    Str: 23    XL:     7   Next: 71%
Magic:  6/6        EV: 10    Int:  4    God:    Trog [****..]
Gold:   302        SH:  0    Dex: 10    Spells: 6/6 levels left

rFire    . . .     SeeInvis +   s - +8 club
rCold    . . .     Gourm    .   (no shield)
rNeg     . . .     Faith    .   l - +0 ring mail
rPois    .         Spirit   .   (helmet restricted)
rElec    .         Reflect  .   u - +1 cloak
rCorr    .         Harm     .   (no gloves)
MR       .....                  (no boots)
Stlth    ..........             (no amulet)
HPRegen  0.20/turn              b - +4 ring of protection
MPRegen  0.10/turn              o - ring of see invisible

@: mighty, berserk cooldown, slowed, heavily drained, very slow
A: retaliatory headbutt, horns 2
a: Berserk, Trog's Hand, Brothers in Arms, Renounce Religion


You were on level 4 of the Dungeon.
You worshipped Trog.
Trog was greatly pleased with you.
You were hungry.

You visited 1 branch of the dungeon, and saw 4 of its levels.

You collected 302 gold pieces.

Inventory:

Hand Weapons
 s - a +8 club (weapon)
 y - a +0 hand axe
Armour
 l - a +0 ring mail (worn)
 u - a +1 cloak (worn)
Jewellery
 b - a +4 ring of protection (left hand)
 o - a ring of see invisible (right hand)
Wands
 a - a wand of flame (20)
Scrolls
 f - 10 scrolls of identify {unknown}
 h - a scroll of magic mapping {unknown}
 k - a scroll of remove curse {unknown}
 m - 3 scrolls of fear {unknown}
 v - a scroll of amnesia {unknown}
 w - 3 scrolls of teleportation {unknown}
Potions
 d - 3 potions of haste {unknown}
 e - a potion of brilliance {unknown}
 g - 2 potions of stabbing {unknown}
 i - a potion of resistance {unknown}
 j - 2 potions of cancellation {unknown}
 n - a potion of might
 p - 2 potions of degeneration {unknown}
 q - 2 potions of lignification {unknown}
 r - 2 potions of curing {unknown}
 x - a potion of berserk rage {unknown}
Comestibles
 c - 8 rations
 t - 12 chunks of flesh


   Skills:
 + Level 6.6(4.4) Fighting
 * Level 7.8(5.5) Axes
 + Level 6.0(3.8) Armour
 - Level 2.1(0.2) Dodging


You had 6 spell levels left.
You didn't know any spells.
Your spell library was empty.

Dungeon Overview and Level Annotations

Branches:
Dungeon (4/15)             Temple (0/1) D:4

Altars:
Yredelemnul


Innate Abilities, Weirdness & Mutations

You reflexively headbutt those who attack you in melee.
You have a pair of horns on your head.


Message History

The wight is severely damaged.
The wight misses you.
The wight hits you from afar with a +6 spear.
You feel drained. The wight hits you but does no damage.
The wight hits you from afar with a +6 spear.
You feel drained.
You fail to use your ability.
The wight closely misses you. The wight hits you with a +3 battleaxe.
The wight misses you. The wight barely misses you.
Okay, then.
The wight hits you with a +3 battleaxe!
* * * LOW HITPOINT WARNING * * *
You feel drained.
You feel very mighty all of a sudden.
The wight hits you from afar with a +6 spear.
* * * LOW HITPOINT WARNING * * *
The wight hits you with a +3 battleaxe!
* * * LOW HITPOINT WARNING * * *
You feel drained.
You die...

...........#..#.....#...#.....#..
...........#'##...÷.'...'.....###
...........#..#.....#...#.....#..
###........#..÷.....#...#.....'..
#........####'#####...#####÷###
###############..#..#...#..#..#..
..............#..#..'...'..#..#..
..(...........#######...#######..
.............zzz@......+....>#...
##.##.........##.......##....####
#.##.........###########....#
.z.########### #....#### ....
#)....... .... #........
#........ #.>...... #........


You could see 3 wights.

Vanquished Creatures
  An ogre (D:4)
  2 wights (D:4)
  An orc priest (D:4)
  3 jellies (D:3)
  Crazy Yiuf (D:3)
  2 hounds (D:4)
  Jessica (D:3)
  3 worker ants (D:4)
  An iguana (D:4)
  Natasha (twice) (D:2)
  11 adders
  4 gnolls (D:3)
  11 oozes (D:3)
  3 worms
  2 dart slugs
  10 leopard geckos
  9 orcs
  A giant cockroach (D:1)
  3 goblins
  12 hobgoblins
  2 jackals (D:3)
  11 kobolds
  A quokka (D:2)
  8 ball pythons
  7 bats
  5 frilled lizards
  12 rats
  2 fungi (D:3)
131 creatures vanquished.

Vanquished Creatures (others)
  5 fungi (D:3)
  10 toadstools (D:3)
15 creatures vanquished.

Grand Total: 146 creatures vanquished

Notes
Turn   | Place    | Note
-------+----------+-------------------------------------------
     0 | D:1      | bomj the Minotaur Berserker began the quest for the Orb.
     0 | D:1      | Reached XP level 1. HP: 19/19 MP: 0/0
   103 | D:1      | Reached skill level 4 in Axes
   110 | D:1      | Reached XP level 2. HP: 13/27 MP: 1/1
   977 | D:2      | Reached XP level 3. HP: 33/33 MP: 2/2
  1024 | D:2      | Reached ** piety under Trog
  1284 | D:2      | Found a basalt altar of Yredelemnul.
  1286 | D:2      | Noticed Natasha
  1300 | D:2      | Killed Natasha
  1686 | D:2      | Noticed Natasha
  1692 | D:2      | Killed Natasha
  1692 | D:2      | Reached skill level 5 in Axes
  1692 | D:2      | Reached XP level 4. HP: 41/41 MP: 3/3
  2492 | D:3      | Found a faded altar of an unknown god.
  2522 | D:3      | Noticed Jessica
  2529 | D:3      | Killed Jessica
  2529 | D:3      | Reached XP level 5. HP: 47/47 MP: 4/4
  2794 | D:3      | Reached skill level 6 in Axes
  2895 | D:3      | Reached *** piety under Trog
  2895 | D:3      | Reached skill level 5 in Fighting
  3262 | D:3      | Reached XP level 6. HP: 52/56 MP: 5/5
  3596 | D:3      | Found a runed translucent door.
  3597 | D:3      | Noticed Crazy Yiuf
  3604 | D:3      | Killed Crazy Yiuf
  4081 | D:4      | Reached skill level 5 in Armour
  4247 | D:4      | Reached XP level 7. HP: 36/63 MP: 6/6
  4503 | D:4      | Reached skill level 7 in Axes
  4551 | D:4      | Reached **** piety under Trog
  4590 | D:4      | Found a staircase to the Ecumenical Temple.
  4710 | D:4      | HP: 2/64 [wight/+3 battleaxe (12)]
  4710 | D:4      | Slain by a wight

Illustrated notes

Levels and vault maps discovered:
D:1:      minmay_arrival_glassed_features, layout_basic
D:2:      layout_basic, nicolae_overflow_hidden_temple, first_ration,
          uniq_natasha
D:3:      cheibrodos_fertilizer, layout_rooms,
          chequers_ecumenical_altar_simple_redux, uniq_crazy_yiuf_cottage,
          uniq_jessica
D:4:      layout_basic, minmay_temple_entry_proselytizer, serial_shops,
          kennysheep_little_box, minmay_snake_closets

Skill      XL: |  1  2  3  4  5  6  7 |
---------------+----------------------+-----
Axes           | 4 5 6 7 |  7.8
Fighting       | 4 5 6 |  6.6
Armour         | 3 4 5 6 |  6.0
Dodging        | |  2.1

Action                   |  1- 3 |  4- 6 |  7- 9 || total
-------------------------+-------+-------+-------++-------
Melee: Hand axe          |    81 |    53 |       ||   134
       Headbutt          |     8 |    25 |     5 ||    38
       Club              |       |   124 |    52 ||   176
Invok: Berserk           |     1 |     2 |     1 ||     4
  Use: Potion            |       |       |     1 ||     1
  Eat: Chunk             |     3 |    10 |     2 ||    15
Armor: Animal skin       |     5 |       |       ||     5
       Ring mail         |     4 |    45 |    27 ||    76
       Leather armour    |     1 |       |       ||     1
Dodge: Dodged            |    48 |    67 |    35 ||   150
